 Dungeon Crawl Stone Soup version 0.31-a0-826-ga5cc291a1b (webtiles) character file.

Game seed: 10711669673344509238

36 qw the Shooter (level 3, -5/22 HPs)
             Began as a Gargoyle Hunter on Sept 23, 2023.
             Slain by Sigmund
             ... wielding a +0 scythe
              (8 damage)
             ... on level 2 of the Dungeon.
             The game lasted 00:00:21 (1100 turns).

qw the Shooter (Gargoyle Hunter)                    Turns: 1100, Time: 00:00:21

Health: -5/22      AC:  6    Str: 14    XL:     3   Next: 37%
Magic:  3/3        EV: 11    Int:  9    God:
Gold:   32         SH:  0    Dex: 15    Spells: 2/2 levels left

rFire   . . .        Y - +0 shortbow
rCold   . . .        (shield currently unavailable)
rNeg    + . .        c - +0 leather armour
rPois   inf          (no helmet)
rElec   +            h - scarf {repulsion}
rCorr   .            (no gloves)
SInv    .            (no boots)
Will    .....        (no amulet)
Stlth   ++           (no ring)
HPRegen 0.23/turn    (no ring)
MPRegen 0.08/turn

%: repel missiles
@: no status effects
A: sickness immunity, AC +3, negative energy resistance 1, electricity
resistance, torment resistance 1, petrification resistance
a: no special abilities


You were on level 2 of the Dungeon.
You visited 1 branch of the dungeon, and saw 2 of its levels.

You collected 32 gold pieces.


Innate Abilities, Weirdness & Mutations

You are immune to sickness and miasma.
Your stone body is resilient. (AC +3)
You are immune to poison.
You resist negative energy. (rN+)
You are resistant to electric shocks. (rElec)
You are resistant to unholy torment.
You are immune to petrification.


   Skills:
 + Level 2.5 Fighting
 - Level 5.0 Ranged Weapons
 - Level 1.5 Dodging
 - Level 1.1 Stealth


You had 2 spell levels left.
You didn't know any spells.
Your spell library was empty.

Inventory:

Hand Weapons
 Y - a +0 shortbow (weapon)
Armour
 c - a +0 leather armour (worn)
 d - a +0 ring mail
 h - a scarf of repulsion (worn)
Scrolls
 b - a scroll of enchant weapon {unknown}
 e - a scroll of enchant armour {unknown}
 f - 2 scrolls of identify
 i - a scroll of summoning {unknown}
Potions
 a - a potion of enlightenment {unknown}
 g - a potion of haste

Dungeon Overview and Level Annotations

Branches:
Dungeon (2/15)

Altars:

Annotations:
D:2 Sigmund


Message History

Sigmund the Dreaded comes into view.
He is wielding a +0 scythe, wearing a +0 robe of resistance and carrying a wand of flame.
Enter note: You shoot an arrow.
Sigmund shouts!
The arrow hits Sigmund.
Sigmund is lightly wounded.
Sigmund casts a spell at you.
You are confused.
Sigmund zaps a wand.
The puff of flame hits you!
You feel less confused.
Sigmund zaps a wand.
The puff of flame hits you.
You shoot an arrow. The arrow barely misses Sigmund.
Sigmund says, "Your kind have come here before.
I understand now why.
You desire death..."
Sigmund points at you and mumbles some strange words.
The magic dart hits you.
You shoot an arrow. The arrow hits Sigmund.
Sigmund is moderately wounded.
Sigmund closely misses you.
You shoot an arrow. The arrow hits Sigmund.
Sigmund is moderately wounded.
Sigmund hits you from afar with a +0 scythe.
You shoot an arrow. The arrow barely misses Sigmund.
Sigmund hits you from afar with a +0 scythe.
You shoot an arrow. The arrow hits Sigmund.
Sigmund is heavily wounded.
You shoot an arrow.
The arrow hits Sigmund but does no damage.
Sigmund is heavily wounded.
Sigmund closely misses you.
You shoot an arrow.
The arrow hits Sigmund but does no damage.
Sigmund is heavily wounded.
Sigmund misses you.
You shoot an arrow. The arrow closely misses Sigmund.
Sigmund gestures wildly while chanting.
Sigmund flickers and vanishes!
Deactivating autopickup; reactivate with Ctrl-A.
You shoot an arrow. Something hits you!
You die...

............).....# #.........
..................# #.........
#.................###.........
#.............................
#.................###.........
#.................###....#....
#........................#....
...................%.....# ...
.....)......#...@..........
......... . #...............
..................{.........
..........................
.....<..............).....
......................##..
....#....#####.##....:#
.####.## #. .....#
..###.###### .#


There were no monsters in sight!

Vanquished Creatures
  An adder (D:2)
  A worm (D:2)
  3 ball pythons (D:2)
  3 endoplasms
  3 goblins
  2 hobgoblins (D:1)
  4 kobolds
  2 quokkas
  A bat (D:1)
  A frilled lizard (D:1)
  A rat (D:1)
22 creatures vanquished.

Notes
Turn   | Place    | Note
-------+----------+-------------------------------------------
     0 | D:1      | qw the Gargoyle Hunter began the quest for the Orb.
     0 | D:1      | Reached XP level 1. HP: 12/12 MP: 1/1
     0 | D:1      | 0 ||| qw: Version: 0.3-a-83-gcd0e7d8
     0 | D:1      | 0 ||| qw: Game counter: 1828
     0 | D:1      | 0 ||| qw: Melee chars always use a shield: true
     0 | D:1      | 0 ||| qw: God list: Okawaru
     0 | D:1      | 0 ||| qw: Allow faded altars: false
     0 | D:1      | 0 ||| qw: Do Orc after clearing Dungeon:15 true
     0 | D:1      | 0 ||| qw: Do second Lair branch before Depths: true
     0 | D:1      | 0 ||| qw: Lair rune preference: random
     0 | D:1      | 0 ||| qw: Goals: Normal
     0 | D:1      | 0 ||| PLANNING D:1-11
   281 | D:1      | Reached XP level 2. HP: 17/17 MP: 2/2
   833 | D:1      | 833 ||| UPGRADING to scarf of repulsion.
   838 | D:1      | 838 ||| READING scroll labelled KEUZXAGH QIBRYIH.
   841 | D:1      | 841 ||| READING 3 scrolls labelled IDERI EPROZ.
   842 | D:1      | 842 ||| DRINKING 2 inky potions.
   843 | D:1      | 843 ||| DRINKING 2 murky dark potions.
   844 | D:1      | 844 ||| DROPPING scroll of butterflies.
   845 | D:1      | 845 ||| DROPPING potion of brilliance.
   958 | D:2      | Reached XP level 3. HP: 20/21 MP: 3/3
   984 | D:2      | Reached skill level 5 in Ranged Weapons
  1084 | D:2      | Noticed Sigmund
  1094 | D:2      | HP: 3/22 [Sigmund/+0 scythe (5)]
  1100 | D:2      | Slain by Sigmund

Levels and vault maps discovered:
D:1:      psy_arrival_spokes, layout_loops_corners, minmay_hexomino_p4
D:2:      layout_basic, uniq_sigmund

Skill      XL: |  1  2  3 |
---------------+----------+-----
Ranged Weapons | 5 |  5.0
Fighting       | |  2.5
Dodging        | |  1.5
Stealth        | |  1.1

Action                     || total
---------------------------++-------
   Fire: Shortbow          ||    69
    Use: Scroll            ||     2
         Potion            ||     2
 Armour: Leather armour    ||    11
  Dodge: Dodged            ||     7

Table legend:
 A = Non-vault XP
 B = Vault XP
 C = Vault XP percentage of total XP
 D = Non-vault monster count
 E = Vault monster count
 F = Vault count percentage of total count
                 A         B        C        D         E       F
            +---------+---------+-------+---------+---------+-------
      Total |      48 |       4 |   7.7 |      20 |       2 |   9.1
            +---------+---------+-------+---------+---------+-------
        D:1 |      15 |       4 |  21.1 |       9 |       2 |  18.2
        D:2 |      33 |       0 |   0.0 |      11 |       0 |   0.0
            +---------+---------+-------+---------+---------+-------
